AoeStats
← tiimAvodah2

Arena

507263304Analyzed
4v4 RM · 16d ago on Sep 17, 2026· 60m 41s· 8 players
Game mode
Random Map
Map size
Large (8 player)
Population
200
Speed
Normal
Resources
Standard
Victory
Conquest
Starting age
Dark Age
Ending age
Imperial Age
RankedLock teamsTeams togetherTeam positionsShared explorationLock speedFull tech treeHidden civsTurbo modeCheats
Victory
Defeat
🇦🇺 Magyars · Australia
1085
+15
🇦🇺 Celts · Australia
1076
+15
🇦🇺 Cumans · Australia
1075
+15
🇨🇳 Persians · China
1033
+17
🇿🇦 Magyars · South Africa
1086
-17
🇷🇪 Romans · Réunion
1063
-16
🇨🇿 Spanish · Czechia
1044
-15
🇨🇳 Franks · China
1015
-14
Panzerfaust
10:00 Feudal Age
10:24 Horse Collar
10:51 Double-Bit Axe
18:37 Castle Age
17:43 Fletching
17:56 Scale Mail Armor
18:07 Forging
19:36 Pikeman
21:49 Chain Mail Armor
21:30 Bodkin Arrow
21:41 Loom
23:33 Bow Saw
23:33 Heavy Plow
24:10 Padded Archer Armor
25:14 Elite Skirmisher
28:43 Wheelbarrow
31:31 Imperial Age
28:49 Town Watch
29:29 Masonry
31:11 Ballistics
31:25 Leather Archer Armor
31:48 Iron Casting
31:57 Hand Cart
34:44 Chemistry
34:14 Thumb Ring
35:53 Two-Man Saw
34:48 Gold Mining
35:28 Bracer
37:41 Ring Archer Armor
38:14 Blast Furnace
36:39 Halberdier
38:26 Plate Mail Armor
38:03 Scale Barding Armor
38:11 Bloodlines
38:02 Husbandry
38:37 Gambesons
38:53 Squires
40:06 Conscription
40:30 Architecture
42:08 Cavalier
43:16 Chain Barding Armor
43:38 Paladin
43:38 Light Cavalry
45:03 Plate Barding Armor
45:21 Elite Conquistador
47:24 Stone Mining
50:41 Hoardings
56:01 Hussar
raphael-974-
9:54 Feudal Age
11:36 Wheelbarrow
15:25 Castle Age
13:23 Horse Collar
13:31 Double-Bit Axe
17:01 Bow Saw
16:57 Heavy Plow
17:13 Loom
19:00 Town Watch
23:02 Scale Mail Armor
23:57 Forging
24:54 Hand Cart
26:19 Chain Mail Armor
25:51 Man-at-Arms
26:59 Squires
26:55 Long Swordsman
28:18 Iron Casting
35:53 Pikeman
40:07 Imperial Age
39:47 Masonry
markusopperman56
8:37 Loom
10:34 Feudal Age
15:20 Castle Age
14:50 Double-Bit Axe
14:48 Horse Collar
24:25 Scale Barding Armor
25:41 Heavy Plow
26:26 Bow Saw
27:10 Bloodlines
27:00 Husbandry
29:37 Chain Barding Armor
35:09 Thumb Ring
38:18 Wheelbarrow
37:28 Town Watch
40:55 Hand Cart
42:20 Fletching
42:30 Padded Archer Armor
42:47 Corvinian Army
45:39 Imperial Age
45:48 Imperial Age
43:12 Pikeman
44:50 Arson
45:55 Halberdier
51:18 Scale Mail Armor
52:38 Chain Mail Armor
心焰2
10:58 Feudal Age
14:43 Castle Age
12:58 Double-Bit Axe
16:22 Bow Saw
21:16 Gold Mining
22:18 Loom
24:15 Wheelbarrow
26:10 Gold Shaft Mining
28:59 Imperial Age
27:13 Scale Barding Armor
28:37 Hand Cart
28:39 Stone Mining
29:24 Forging
29:35 Chain Barding Armor
29:47 Chivalry
30:07 Conscription
29:14 Cavalier
29:55 Husbandry
30:47 Iron Casting
30:38 Paladin
32:14 Plate Barding Armor
33:26 Blast Furnace
33:28 Fletching
36:17 Bodkin Arrow
36:22 Padded Archer Armor
36:23 Scale Mail Armor
39:06 Leather Archer Armor
39:56 Chemistry
41:32 Siege Engineers
42:50 Fervor
42:57 Block Printing
43:09 Illumination
43:22 Theocracy
43:10 Sanctity
46:15 Light Cavalry
49:54 Pikeman
50:35 Squires
50:20 Gambesons
50:21 Arson
51:26 Halberdier
52:53 Caravan
54:58 Town Watch
56:40 Chain Mail Armor
怒头堵紧
9:56 Feudal Age
15:32 Castle Age
15:31 Loom
16:34 Horse Collar
17:14 Double-Bit Axe
32:12 Imperial Age
30:19 Wheelbarrow
29:29 Loom
29:33 Town Watch
31:29 Hand Cart
31:27 Forging
31:22 Scale Barding Armor
33:09 Conscription
33:04 Guilds
33:09 Gold Mining
33:09 Stone Mining
33:25 Husbandry
33:35 Bloodlines
33:47 Chain Barding Armor
34:03 Iron Casting
33:10 Elite War Elephant
34:04 Heavy Plow
35:34 Plate Barding Armor
35:49 Gold Shaft Mining
35:50 Stone Shaft Mining
35:31 Bow Saw
35:54 Crop Rotation
37:40 Blast Furnace
43:50 Two-Man Saw
42:54 Scale Mail Armor
42:55 Padded Archer Armor
42:45 Fletching
43:54 Masonry
43:35 Guard Tower
43:56 Clinker Construction
43:52 Siphons
43:48 Murder Holes
45:01 Light Cavalry
49:58 Hussar
50:59 Chain Mail Armor
50:59 Leather Archer Armor
50:39 Bodkin Arrow
51:13 Cavalier
tiimAvodah2
10:16 Feudal Age
11:05 Double-Bit Axe
11:07 Horse Collar
21:22 Castle Age
19:17 Gold Mining
22:15 Wheelbarrow
21:26 Town Watch
21:27 Loom
22:30 Heavy Plow
22:48 Bow Saw
24:12 Forging
24:09 Scale Barding Armor
26:03 Iron Casting
25:35 Scale Barding Armor
26:27 Bloodlines
28:41 Town Patrol
30:30 Chain Barding Armor
29:42 Pikeman
30:24 Scale Mail Armor
31:58 Squires
32:17 Chain Mail Armor
31:53 Fletching
34:40 Hand Cart
35:35 Bodkin Arrow
38:14 Imperial Age
36:12 Light Cavalry
39:47 Hussar
39:51 Halberdier
42:49 Cuman Mercenaries
43:24 Plate Mail Armor
43:44 Plate Barding Armor
44:11 Conscription
44:04 Heavy Plow
48:00 Steppe Husbandry
56:34 Masonry
56:47 Ballistics
56:24 Murder Holes
57:31 Blast Furnace
56:32 Padded Archer Armor
58:32 Elite Steppe Lancer
Waffle_Time30
7:44 Loom
9:55 Feudal Age
11:42 Double-Bit Axe
17:19 Castle Age
15:57 Horse Collar
16:32 Bloodlines
19:16 Wheelbarrow
23:36 Husbandry
24:26 Bow Saw
24:15 Fletching
26:12 Scale Barding Armor
25:38 Light Cavalry
26:39 Town Watch
28:06 Bodkin Arrow
28:12 Padded Archer Armor
29:08 Fervor
28:54 Stone Mining
28:55 Gold Mining
29:06 Heavy Plow
32:07 Hand Cart
31:52 Town Patrol
32:52 Ballistics
37:18 Imperial Age
36:12 Chain Barding Armor
36:22 Corvinian Army
38:10 Recurve Bow
39:26 Cavalier
Grimble_Grumble
10:31 Feudal Age
14:48 Castle Age
13:02 Double-Bit Axe
13:09 Horse Collar
19:02 Forging
18:53 Scale Mail Armor
20:56 Loom
22:04 Wheelbarrow
24:21 Chain Mail Armor
36:27 Heavy Plow
38:32 Fortified Wall
41:45 Imperial Age
39:16 Gold Mining
39:17 Stone Mining
40:47 Gold Shaft Mining
40:32 Hand Cart
40:03 Town Watch
41:45 Iron Casting
42:10 Bow Saw
41:52 Elite Woad Raider
43:50 Conscription
47:58 Blast Furnace
48:57 Plate Mail Armor
49:34 Heavy Scorpion
51:06 Furor Celtica
51:59 Chemistry
51:19 Ballistics
52:10 Pikeman
52:35 Gambesons
52:58 Scale Barding Armor
53:03 Halberdier
54:27 Arson
57:51 Stone Shaft Mining
57:25 Town Patrol
57:49 Fletching
58:20 Chain Barding Armor
57:52 Heated Shot
58:13 Masonry
57:46 Treadmill Crane
58:02 Murder Holes
58:12 Siege Engineers
58:43 Capped Ram
59:38 Padded Archer Armor
59:33 Bodkin Arrow
59:57 Siege Ram
60:38 Stronghold
61:24 Hoardings
Connection lost

Rejoining the realm…

Still unreachable

The connection could not be restored.

Session expired

The server has moved on; the page needs a fresh start.